Map: [ESL] Hecate

Players

Oliveira - Winner!

  • Race: Terran Terran
  • Spawn Location: 7:00

SCV

  • Race: Protoss Protoss
  • Spawn Location: 1:00

Event: ESL SC2 Masters 2023 Winter (Regional)

VOD

Have the link to the VOD?

Description

Time

  • Played on: Oct. 28, 2023, 7:11 a.m.
  • Length: 8:34

All games in this series

Show
View Real Time Build Order
Export as new Build Order

Oliveira Terran - Winner!

Build Orders: Gas First Reaper Expand, Banshee Rush 

Get SALT Encoding   

  12  0:00  SCV  
  13  0:13  SCV  
  14  0:17  Supply Depot  
  14  0:25  SCV  
  14  0:28  Refinery  
  15  0:38  SCV  
  16  0:44  Barracks  
  16  0:50  SCV  
  17  1:03  SCV  
  18  1:16  SCV  
  19  1:31  Orbital Command, Reaper  
  20  1:41  Command Center  
  20  1:51  Factory  
  20  1:57  SCV  
  21  2:04  Refinery  
  21  2:06  Barracks Reactor  
  21  2:09  SCV  
  22  2:17  Supply Depot  
  22  2:21  SCV  
  23  2:37  Starport  
  23  2:39  SCV  
  23  2:43  Factory Tech Lab, Marine  
  23  2:44  Marine  
  26  2:51  SCV  
  26  2:58  Orbital Command  
  27  3:01  Marine x2  
  27  3:03  SCV  
  27  3:04  Orbital Command  
  30  3:09  Factory Tech Lab  
  30  3:15  SCV  
  30  3:19  Marine x2  
  33  3:21  Banshee  
  33  3:25  Cloaking Field  
  36  3:28  SCV  
  37  3:35  SCV  
  37  3:37  Supply Depot, Marine x2  
  40  3:42  SCV  
  40  3:46  Siege Tank  
  40  3:47  SCV  
  45  3:55  SCV  
  46  3:59  SCV, Marine x2  
  46  4:01  Supply Depot  
  49  4:05  Banshee  
  49  4:07  SCV  
  53  4:11  SCV  
  54  4:22  SCV, Marine x2  
  54  4:24  SCV, Supply Depot  
  57  4:27  Siege Tank  
  60  4:37  SCV x2, Supply Depot  
  62  4:45  Marine x2  
  64  4:48  Supply Depot  
  64  4:54  SCV  
  64  4:56  Barracks  
  64  4:57  Barracks  
  64  4:59  Siege Tank  
  68  5:03  Marine x2, SCV  
  68  5:06  Engineering Bay  
  71  5:10  Refinery x2  
  71  5:11  SCV  
  72  5:15  SCV  
  72  5:21  Marine x2  
  75  5:22  Supply Depot  
  75  5:23  SCV  
  76  5:33  SCV  
  77  5:38  Marine x2  
  77  5:39  Command Center, SCV  
  79  5:44  Terran Infantry Weapons Level 1  
  79  5:45  SCV  
  79  5:46  Factory Reactor  
  80  5:51  SCV  
  80  5:52  Starport Reactor  
  80  5:56  Combat Shield, Stimpack  
  83  5:57  Marauder  
  83  5:58  Marine x2  
  83  5:59  Marauder  
  83  6:01  SCV  
  85  6:16  Marine  
  88  6:18  Barracks, Marauder  
  88  6:19  Supply Depot, Marine  
  88  6:20  Barracks, Supply Depot, SCV  
  88  6:22  Marauder  
  88  6:24  SCV  
  93  6:28  Medivac x2  
  93  6:29  Widow Mine  
  93  6:31  Widow Mine  
  101  6:36  SCV  
  101  6:39  Missile Turret  
  102  6:41  SCV  
  102  6:42  Marauder, Marine x2  
  107  6:48  SCV, Marauder  
  107  6:52  Orbital Command  
  107  6:53  SCV  
  111  7:00  Marine, Widow Mine, SCV  
  115  7:05  SCV, Marine  
  115  7:06  Marauder  
  115  7:08  Barracks Reactor  
  115  7:09  Barracks Tech Lab  
  115  7:12  Marauder  
  115  7:13  Orbital Command  
  116  7:16  Medivac  
  116  7:17  SCV  
  116  7:18  Marine  
  118  7:23  Marine  
  118  7:25  Medivac  
  118  7:26  Marine  
  118  7:27  Widow Mine  
  122  7:33  Marauder, Marine  
  122  7:35  SCV  
  122  7:36  Marine  
  119  7:45  Marauder, Marine x2  
  118  7:54  Marauder, Marine  
  118  7:56  Marauder, Marine  
  118  7:57  Medivac x2  
  115  7:59  SCV, Widow Mine  
  115  8:03  Marine  
  115  8:05  Marine  
  112  8:07  Marauder  
  112  8:08  SCV  
  112  8:09  SCV  
  112  8:11  Marine, SCV  
  116  8:15  Marine  
  119  8:20  SCV  
  119  8:22  Armory, Engineering Bay  
Show
View Real Time Build Order
Export as new Build Order

SCV Protoss 

Build Orders: 1 Gate Expand, Blink Stalkers 

Get SALT Encoding   

  12  0:00  Probe  
  13  0:12  Probe  
  14  0:17  Pylon  
  14  0:24  Probe (Chrono Boost)  
  15  0:36  Probe (Chrono Boost)  
  15  0:37  Gateway  
  16  0:44  Probe (Chrono Boost)  
  16  0:46  Assimilator  
  17  0:51  Probe  
  18  1:03  Probe  
  19  1:15  Probe  
  20  1:21  Nexus  
  20  1:31  Cybernetics Core  
  20  1:34  Probe  
  20  1:39  Assimilator  
  21  1:46  Probe  
  22  1:49  Pylon  
  22  1:58  Probe  
  23  2:05  Adept (Chrono Boost)  
  25  2:08  Warp Gate  
  25  2:10  Probe  
  26  2:18  Twilight Council  
  26  2:22  Probe  
  26  2:25  Stalker (Chrono Boost)  
  28  2:33  Probe (Chrono Boost)  
  30  2:38  Probe (Chrono Boost)  
  31  2:44  Probe (Chrono Boost)  
  31  2:49  Probe x2 (Chrono Boost)  
  33  2:53  Blink (Chrono Boost)  
  33  2:58  Probe  
  33  2:59  Probe  
  35  3:08  Gateway  
  35  3:10  Probe  
  35  3:11  Probe  
  37  3:21  Robotics Facility  
  37  3:22  Probe  
  37  3:23  Probe  
  39  3:30  Pylon  
  39  3:35  Probe x2  
  39  3:43  Shield Battery  
  39  3:47  Gateway, Probe x2  
  41  3:52  Shield Battery  
  41  3:58  Stalker  
  41  3:59  Probe x2  
  45  4:03  Stalker  
  45  4:08  Observer (Chrono Boost)  
  48  4:14  Nexus  
  48  4:16  Probe x2  
  50  4:20  Pylon  
  50  4:23  Stalker  
  52  4:28  Probe x2  
  54  4:34  Assimilator  
  54  4:36  Assimilator  
  54  4:37  Pylon  
  54  4:39  Observer (Chrono Boost)  
  54  4:43  Stalker x2  
  59  4:47  Probe x2  
  61  4:58  Observer (Chrono Boost)  
  61  4:59  Probe x2  
  64  5:08  Robotics Bay  
  64  5:09  Gateway  
  64  5:10  Pylon  
  64  5:11  Probe x2  
  66  5:22  Charge  
  66  5:26  Probe (Chrono Boost)  
  66  5:27  Probe x2 (Chrono Boost)  
  70  5:31  Shield Battery  
  72  5:36  Stalker x3  
  72  5:38  Probe x2 (Chrono Boost)  
  76  5:44  Pylon  
  76  5:47  Immortal (Chrono Boost)  
  73  5:54  Pylon  
  76  6:00  Pylon  
  76  6:02  Pylon  
  75  6:05  Stalker  
  75  6:10  Pylon  
  76  6:12  Probe x2  
  77  6:22  Colossus (Chrono Boost)  
  77  6:24  Probe  
  77  6:25  Probe  
  79  6:29  Observer  
  79  6:30  Pylon  
  79  6:31  Extended Thermal Lance  
  85  6:43  Nexus  
  85  6:44  Pylon  
  85  6:48  Probe x2  
  87  6:57  Sentry  
  87  7:00  Probe x2  
  91  7:02  Colossus (Chrono Boost)  
  96  7:12  Probe  
  96  7:15  Probe  
  98  7:16  Shield Battery  
  98  7:24  Probe  
  98  7:27  Probe  
  100  7:33  Stalker x2  
  100  7:34  Stalker x2  
  100  7:37  Probe  
  105  7:38  Pylon  
  96  7:44  Probe  
  95  7:56  Stalker x4  
  89  7:59  Probe x2  
  79  8:06  Nexus  
  79  8:11  Probe x2  
  81  8:23  Sentry x2  
  93  8:28  Shield Battery  
Tags
 
Add a new tag
Caveats
  • Supply blocks, unpowered buildings, or Contaminate may cause inaccurate times.
  • Supply counts are checked every 10 seconds.